 Dungeon Crawl Stone Soup version 0.25-a0-1073-gf4359a17dd (webtiles) character file.

Game seed: 14772393727615428868, levelgen mode: deterministic

416 Flugslaktarn the Chopper (level 6, 0/33 HPs)
             Began as a Vine Stalker Fighter on May 14, 2020.
             Slain by an ogre
             ... wielding a +0 giant spiked club
              (24 damage)
             ... on level 4 of the Dungeon.
             The game lasted 00:01:47 (3169 turns).

Flugslaktarn the Chopper (Vine Stalker Fighter)     Turns: 3169, Time: 00:01:48

Health: 0/33       AC: 12    Str: 20    XL:     6   Next: 92%
Magic:  0/7        EV:  3    Int:  8    God:
Gold:   261        SH:  9    Dex: 14    Spells: 5/5 levels left

rFire    . . .     SeeInvis .   a - +0 war axe
rCold    . . .     Gourm    .   c - +0 kite shield
rNeg     . . .     Faith    .   o - +0 plate armour
rPois    .         Spirit   +   s - +0 helmet
rElec    .         Reflect  .   (no cloak)
rCorr    .         Harm     .   (no gloves)
MR       .....                  (no boots)
Stlth    ..........             (no amulet)
HPRegen  0.51/turn              (no ring)
MPRegen  0.10/turn              (no ring)

@: no status effects
A: fangs 2, regeneration 1, magic shield, antimagic bite, no potion heal 3, rot
immunity
a: no special abilities


You were on level 4 of the Dungeon.
You were not hungry.

You visited 1 branch of the dungeon, and saw 4 of its levels.

You collected 261 gold pieces.

Inventory:

Hand Weapons
 a - a +0 war axe (weapon)
Missiles
 i - 5 curare-tipped darts (quivered)
Armour
 c - a +0 kite shield (worn)
 o - a +0 plate armour (worn)
   (You found it on level 4 of the Dungeon)
 s - a +0 helmet (worn)
   (You found it on level 3 of the Dungeon)
Scrolls
 b - 3 scrolls of magic mapping {unknown}
 t - 5 scrolls of teleportation
 x - 2 scrolls of remove curse
Potions
 d - 4 potions of might
 h - 2 potions of haste
 l - a potion of mutation {unknown}
 q - 2 potions of curing
 v - a potion of lignification {unknown}
 w - 2 potions of heal wounds
Comestibles
 e - 8 rations
 p - 5 chunks of flesh


   Skills:
 + Level 3.8 Fighting
 * Level 4.4 Axes
 + Level 3.4 Armour
 + Level 3.8 Shields


You had 5 spell levels left.
You didn't know any spells.
Your spell library was empty.

Dungeon Overview and Level Annotations

Branches:
Dungeon (4/15)
 Temple: D:4-7

Altars:


Innate Abilities, Weirdness & Mutations

You have extremely sharp teeth.
Your natural rate of healing is unusually fast.
When hurt, damage is shared between your health and your magic reserves.
Your bite disrupts and absorbs the magic of your enemies.
Potions cannot restore your health.
You are immune to rotting.


Message History

e - 8 rations (gained 1)
An ogre comes into view. It is wielding a +0 giant spiked club.
Some of the chunks of flesh in your inventory have rotted away.
An ogre is nearby!
The ogre shouts!
The ogre hits you with a +0 giant spiked club!
You hit the ogre. You bite the ogre. You drain its power.
You feel invigorated.
The ogre is moderately wounded.
The ogre hits you but does no damage.
Your plate armour prevents you from hitting the ogre.
The ogre is moderately wounded.
You block the ogre's attack.
You hit the ogre but do no damage.
The ogre is moderately wounded.
You block the ogre's attack.
You slash the ogre!
The ogre is severely wounded.
The ogre hits you with a +0 giant spiked club!!
Ouch! That really hurt!
You die...

......... ##.## ... ....#### ##.
..##... .....## #.. .......
......#### #.##...#.......
.........## #....#........#.
...#......####......##....#..
...#.........................#
...#.......#..#.....#.....# .#
#..#.......##...@...#.....##.#
##............#.O...#§.#.....#
####.......##.#..(.÷!..##.#..#
####................##.##....#
[.##.........####.#........# #
..##.........# #.#.......[#####.
...))......### #.#..............
...#......#### #................
..............#####........####..


You could see an ogre.

Vanquished Creatures
  A scorpion (D:4)
  A hound (D:4)
  3 orc wizards
  An orc priest (D:3)
  An iguana (D:4)
  3 gnolls (D:2)
  4 adders
  2 oozes
  An adder zombie (D:4)
  3 worms
  A dart slug (D:1)
  4 leopard geckos
  12 orcs
  A ball python (D:3)
  10 bats
  A giant cockroach (D:3)
  6 goblins
  8 hobgoblins
  7 jackals
  12 kobolds
  3 quokkas
  9 frilled lizards
  6 rats
100 creatures vanquished.

Notes
Turn   | Place    | Note
-------+----------+-------------------------------------------
     0 | D:1      | Flugslaktarn the Vine Stalker Fighter began the quest for
                  | the Orb.
     0 | D:1      | Reached XP level 1. HP: 11/11 MP: 2/2
    12 | D:1      | Reached skill level 2 in Axes
   263 | D:1      | Reached XP level 2. HP: 14/16 MP: 3/3
   701 | D:1      | Reached XP level 3. HP: 16/19 MP: 1/4
  1049 | D:2      | Gained mutation: Your natural rate of healing is unusually
                  | fast. [Vine Stalker growth]
  1049 | D:2      | Reached XP level 4. HP: 2/24 MP: 1/5
  1126 | D:2      | Reached skill level 3 in Axes
  1452 | D:2      | Reached XP level 5. HP: 28/28 MP: 6/6
  2459 | D:3      | Reached XP level 6. HP: 12/32 MP: 7/7
  2948 | D:4      | Reached skill level 4 in Axes
  3169 | D:4      | Slain by an ogre

Illustrated notes

Levels and vault maps discovered:
D:1:      dpeg_arrival_court, layout_rooms
D:2:      layout_loops_corners, minmay_tromino_i2
D:3:      layout_basic, saegor_snake_ambush
D:4:      layout_rooms, minmay_temple_entry_wispy, first_ration

Skill      XL: |  1  2  3  4  5  6 |
---------------+-------------------+-----
Axes           | 2 3 4 |  4.4
Fighting       | 3 |  3.8
Shields        | 3 |  3.8
Armour         | 3 |  3.4

Action                   |  1- 3 |  4- 6 || total
-------------------------+-------+-------++-------
Melee: War axe           |    31 |   202 ||   233
       Bite              |    15 |    55 ||    70
       Hand axe          |    25 |       ||    25
  Use: Scroll            |       |    11 ||    11
  Eat: Chunk             |       |     8 ||     8
Armor: Scale mail        |    24 |    57 ||    81
       Plate armour      |       |    25 ||    25
Dodge: Dodged            |    18 |    65 ||    83
Block: Kite shield       |    31 |   119 ||   150

Table legend:
 A = Non-vault XP
 B = Vault XP
 C = Vault XP percentage of total XP
 D = Non-vault monster count
 E = Vault monster count
 F = Vault count percentage of total count
                 A         B        C        D         E       F
            +---------+---------+-------+---------+---------+-------
      Total |     576 |      19 |   3.2 |      97 |       3 |   3.0
            +---------+---------+-------+---------+---------+-------
        D:1 |      36 |       0 |   0.0 |      17 |       0 |   0.0
        D:2 |     139 |       3 |   2.1 |      24 |       1 |   4.0
        D:3 |     154 |      16 |   9.4 |      40 |       2 |   4.8
        D:4 |     247 |       0 |   0.0 |      16 |       0 |   0.0
            +---------+---------+-------+---------+---------+-------
